 Dungeon Crawl Stone Soup version 0.24-a0-584-g9d6b971ae4 (webtiles) character file.

Game seed: 10698884319861694838, levelgen mode: deterministic

116 Mithandil the Skirmisher (level 4, 0/35 HPs)
             Began as a Demonspawn Abyssal Knight on Sept 4, 2019.
             Was a Believer of Lugonu.
             Slain by Crazy Yiuf
             ... wielding a +2 quarterstaff of chaos
              (3 damage)
             ... on level 2 of the Dungeon.
             The game lasted 00:08:50 (2515 turns).

Mithandil the Skirmisher (DsAK)                     Turns: 2515, Time: 00:08:51

Health: 0/35       AC: 12    Str: 14    XL:     4   Next: 70%
Magic:  0/6        EV:  0    Int: 13    God:    Lugonu [**....]
Gold:   93         SH: 12    Dex: 12    Spells: 3/3 levels left

rFire    . . .     SeeInvis +   a - +2 falchion
rCold    . . .     Gourm    .   f - +1 large shield
rNeg     . . .     Faith    .   n - +0 plate armour
rPois    .         Spirit   +   (no helmet)
rElec    .         Reflect  .   (no cloak)
rCorr    .         Harm     .   (no gloves)
MR       .....                  (no boots)
Stlth    ..........             (no amulet)
HPRegen  0.11/turn              j - ring of see invisible
MPRegen  0.10/turn              (no ring)

@: lethally poisoned (0 -> -2)
A: yellow scales 1, magic shield
a: Depart the Abyss, Bend Space, Renounce Religion


You were on level 2 of the Dungeon.
You worshipped Lugonu.
Lugonu was pleased with you.
You were not hungry.

You visited 1 branch of the dungeon, and saw 3 of its levels.
You visited the Abyss 1 time.

You collected 93 gold pieces.

Inventory:

Hand Weapons
 a - a +2 falchion (weapon)
 b - a +0 hunting sling
Missiles
 h - 71 stones
 k - 20 poisoned darts (quivered)
Armour
 f - a +1 large shield (worn)
 g - a +0 leather armour
 n - a +0 plate armour (worn)
Jewellery
 j - a ring of see invisible (left hand)
Scrolls
 i - 3 scrolls of remove curse
 l - a scroll of amnesia
 m - 2 scrolls of teleportation
 o - a scroll of immolation {unknown}
 p - a scroll of identify
Potions
 e - 2 potions of might
Comestibles
 c - 5 rations


   Skills:
 + Level 3.2 Fighting
 * Level 2.7 Long Blades
 + Level 2.1 Armour
 + Level 1.5 Dodging
 + Level 1.0 Stealth
 * Level 1.6 Shields
 + Level 3.1 Invocations


You had 3 spell levels left.
You didn't know any spells.
Your spell library was empty.

Dungeon Overview and Level Annotations

Branches:
Dungeon (3/15)

Altars:

Annotations:
D:2 Crazy Yiuf


Innate Abilities, Weirdness & Mutations

You are partially covered in yellow scales. (AC +2)
When hurt, damage is shared between your health and your magic reserves.


Message History

Crazy Yiuf whimpers, "Castle arga cower!"
You block Crazy Yiuf's attack.
Crazy Yiuf cries, "Pitchfork down toodlewoodle!"
Crazy Yiuf hits you but does no damage.
You hit Crazy Yiuf.
Crazy Yiuf is heavily wounded.
You feel yourself speed up. Crazy Yiuf hits you but does no damage.
You are electrocuted!
Crazy Yiuf cries, "Trifle!"
You block Crazy Yiuf's attack.
You closely miss Crazy Yiuf.
Crazy Yiuf is heavily wounded.
You block Crazy Yiuf's attack.
You hit Crazy Yiuf.
Crazy Yiuf is severely wounded.
You feel sick.
Crazy Yiuf hits you with a +2 quarterstaff of chaos!
* * * LOW HITPOINT WARNING * * *
Crazy Yiuf hits you with a +2 quarterstaff of chaos.
You die...

..# #.#####.###
..# #.........#
..# #########.#
..# #.# ..# #.#
..# ♣♣♣♣♣##.##
..##### ###
♣♣♣)♣).....#
..#...####
#)))#♣))♣)......#
..#...#..#
#.))g@♣♣♣♣......#
..#...#..#
#)))#♣♣ ♣♣....##
###..(#..# ###
♣♣#### # #..<#..#
# #...#..#
###...#..###
..'...'....#
###...#....#
#...#....#


You could see Crazy Yiuf.

Vanquished Creatures
  Jessica (D:3)
  4 adders (D:2)
  4 giant cockroaches
  4 hobgoblins
  7 jackals (D:2)
  9 kobolds
  2 quokkas (D:2)
  A ball python (D:1)
  4 bats
  A frilled lizard (D:1)
  9 goblins
  5 rats
51 creatures vanquished.

Notes
Turn   | Place    | Note
-------+----------+-------------------------------------------
     0 | Abyss:1  | Mithandil the Demonspawn Abyssal Knight began the quest for
                  | the Orb.
     0 | Abyss:1  | Reached XP level 1. HP: 18/18 MP: 2/2
    46 | Abyss:1  | Noticed a large abomination
    46 | Abyss:1  | Noticed a thrashing horror
    47 | D:1      | Escaped the Abyss
   364 | D:1      | Reached * piety under Lugonu
   364 | D:1      | Reached skill level 1 in Dodging
   416 | D:1      | Gained mutation: When hurt, damage is shared between your
                  | health and your magic reserves. [demonic ancestry]
   416 | D:1      | Reached XP level 2. HP: 14/24 MP: 3/3
  1167 | D:3      | Noticed Jessica
  1177 | D:2      | Gained mutation: You are partially covered in yellow
                  | scales. (AC +2) [demonic ancestry]
  1177 | D:2      | Reached XP level 3. HP: 11/29 MP: 3/5
  1659 | D:3      | Killed Jessica
  1659 | D:3      | Reached skill level 1 in Shields
  1683 | D:2      | Reached XP level 4. HP: 20/35 MP: 4/6
  2080 | D:2      | Reached ** piety under Lugonu
  2400 | D:2      | Reached skill level 1 in Stealth
  2497 | D:2      | Found a runed translucent door.
  2498 | D:2      | Noticed Crazy Yiuf
  2515 | D:2      | Slain by Crazy Yiuf

Levels and vault maps discovered:
D:1:      shiori_shiawase, layout_basic, serial_curves, eino_curves_01,
          eino_curves_01
D:2:      layout_basic, uniq_crazy_yiuf_cottage
D:3:      layout_basic, chequers_ecumenical_altar_simple, xom_redecorated,
          uniq_jessica

Skill      XL: |  1  2  3  4 |
---------------+-------------+-----
Dodging        | 1 |  1.5
Long Blades    | 2 |  2.7
Armour         | 2 |  2.1
Shields        | 1 |  1.6
Invocations    | 3 |  3.1
Stealth        | 1 |  1.0
Fighting       | |  3.2

Action                   |  1- 3 |  4- 6 || total
-------------------------+-------+-------++-------
Melee: Mace              |    33 |       ||    33
       Falchion          |    79 |    66 ||   145
Invok: Depart the Abyss  |     1 |       ||     1
  Use: Scroll            |     3 |     2 ||     5
       Potion            |     3 |     2 ||     5
 Stab: Sleeping          |     2 |       ||     2
  Eat: Chunk             |     2 |     3 ||     5
Armor: Leather armour    |    39 |    24 ||    63
       Plate armour      |       |     9 ||     9
Dodge: Dodged            |    40 |    20 ||    60
Block: Large shield      |    77 |    80 ||   157
       Rpst.: Falchion   |     8 |     4 ||    12

Table legend:
 A = Non-vault XP
 B = Vault XP
 C = Vault XP percentage of total XP
 D = Non-vault monster count
 E = Vault monster count
 F = Vault count percentage of total count
                 A         B        C        D         E       F
            +---------+---------+-------+---------+---------+-------
      Total |     130 |      37 |  22.2 |      50 |       1 |   2.0
            +---------+---------+-------+---------+---------+-------
        D:1 |      27 |       0 |   0.0 |      18 |       0 |   0.0
        D:2 |      94 |       0 |   0.0 |      27 |       0 |   0.0
        D:3 |       9 |      37 |  80.4 |       5 |       1 |  16.7
            +---------+---------+-------+---------+---------+-------
